 Dungeon Crawl Stone Soup version 0.31-a0-271-gb88eb75e06 (webtiles) character file.

Game seed: 13703089846910966430

49 porpoise the Shooter (level 4, -1/28 HPs)
             Began as a Kobold Hunter on July 15, 2023.
             Slain by a phantom (4 damage)
             ... on level 3 of the Dungeon.
             The game lasted 00:05:06 (2322 turns).

porpoise the Shooter (Kobold Hunter)                Turns: 2322, Time: 00:05:06

Health: -1/28      AC:  5    Str:  8    XL:     4   Next: 1%
Magic:  4/4        EV: 14    Int: 10    God:
Gold:   113        SH:  0    Dex: 20    Spells: 3/3 levels left

rFire   . . .        a - +0 shortbow
rCold   . . .        (shield currently unavailable)
rNeg    . . .        c - +0 leather armour
rPois   .            (no helmet)
rElec   .            (no cloak)
rCorr   .            (no gloves)
SInv    .            j - +1 pair of boots
Will    .....        (no amulet)
Stlth   +++          (no ring)
HPRegen 0.24/turn    (no ring)
MPRegen 0.09/turn

%: no passive effects
@: no status effects
A: small, no large weapons, nightstalker 3
a: no special abilities


You were on level 3 of the Dungeon.
You visited 1 branch of the dungeon, and saw 3 of its levels.

You collected 113 gold pieces.

Inventory:

Hand Weapons
 a - a +0 shortbow (weapon)
Missiles
 f - 3 poisoned darts
 r - 2 boomerangs
Armour
 c - a +0 leather armour (worn)
 j - a +1 pair of boots (worn)
Jewellery
 g - a ring of resist corrosion
 l - a ring of fire
 q - a ring of ice
Scrolls
 b - a scroll of butterflies
 e - 2 scrolls of enchant armour
 h - a scroll of immolation {unknown}
 i - a scroll of revelation {unknown}
 k - a scroll of blinking {unknown}
 n - a scroll of fog
 p - a scroll of identify {unknown}
 t - a scroll of teleportation {unknown}
Potions
 d - a potion of heal wounds {unknown}
 m - a potion of degeneration {unknown}
 o - 3 potions of curing {unknown}
 s - a potion of mutation {unknown}
 u - a potion of resistance {unknown}


   Skills:
 + Level 3.1 Fighting
 * Level 6.5 Ranged Weapons
 - Level 2.4 Dodging
 - Level 1.3 Stealth


You had 3 spell levels left.
You didn't know any spells.
Your spell library contained the following spells:

 Spells                   Type           Power      Damage    Failure   Level
 Static Discharge         Conj/Air       0%         2-2/arc   63%         2
 Airstrike                Air            0%         2d(0-16)  99%         4
 Summon Lightning Spire   Summ/Air       0%         N/A       99%         4


Dungeon Overview and Level Annotations

Branches:
Dungeon (3/15)

Altars:
Makhleb


Innate Abilities, Weirdness & Mutations

You are small and have problems with some larger weapons.
You are completely attuned to the shadows.


Message History

Fire: a) +0 shortbow
Press: ? - help, Q - select action, (/) - cycle Shift-Dir - straight line, f/p - phantom
Aim: a phantom (moderately damaged, 57% to hit)
You shoot an arrow.
The arrow hits the quokka but does no damage.
The quokka closely misses you. The quokka bites you.
Fire: a) +0 shortbow
Press: ? - help, Q - select action, (/) - cycle Shift-Dir - straight line, f/p - phantom
Aim: a phantom (moderately damaged, 57% to hit)
You shoot an arrow. The arrow barely misses the quokka.
The arrow closely misses the phantom.
Unknown command.
Fire: a) +0 shortbow
Press: ? - help, Q - select action, (/) - cycle Shift-Dir - straight line, f/p - phantom
Aim: a phantom (moderately damaged, 57% to hit)
You shoot an arrow. The arrow hits the phantom.
The phantom is moderately damaged.
Unknown command.
Fire: a) +0 shortbow
Press: ? - help, Q - select action, (/) - cycle Shift-Dir - straight line, f - quokka, p - phantom
Aim: a quokka (57% to hit)
You shoot an arrow. The arrow hits the phantom!
The phantom is severely damaged.
The phantom barely misses you. The phantom hits you.
* * * LOW HITPOINT WARNING * * *
The phantom blinks!
You blink.
Found a leather armour.
You shoot an arrow. The arrow hits the phantom.
The phantom is almost destroyed.
You hear a shout!
A kobold comes into view. It is wielding a +0 short sword.
The phantom misses you.
You shoot an arrow. The arrow hits the phantom.
The phantom is almost destroyed.
The quokka closely misses you. The phantom hits you.
* * * LOW HITPOINT WARNING * * *
The phantom blinks!
You blink.
An endoplasm comes into view.
Found a dagger.
You shoot an arrow. The arrow barely misses the phantom.
The phantom hits you.
You die...

.....
#...........
....
#..........#
..#
######.....#
####.# #.....#
#....#######.
#.....#
#.###.§...[J.
#.....# #.#
#.r......
###'### #.#
#...W....
####.# ###(#
#..K@.... ..#.#
#.§.# #........
#.#.# #.###
#........ #.#.#
#.# #.......)
#...#
#.#####........
######..#
#§§..#
#......>#
####.#
#.####### #.#
#.# #.#
#.#######


You could see a phantom, an endoplasm, a quokka and a kobold.

Vanquished Creatures
  3 dart slugs
  2 orcs (D:3)
  2 endoplasms
  2 giant cockroaches
  2 goblins
  5 hobgoblins
  7 jackals
  A quokka (D:3)
  2 ball pythons (D:2)
  2 bats
  5 frilled lizards
  A kobold (D:1)
  4 rats
38 creatures vanquished.

Notes
Turn   | Place    | Note
-------+----------+-------------------------------------------
     0 | D:1      | porpoise the Kobold Hunter began the quest for the Orb.
     0 | D:1      | Reached XP level 1. HP: 12/12 MP: 1/1
   637 | D:1      | Reached XP level 2. HP: 18/18 MP: 2/2
  1070 | D:2      | Found a faded altar of an unknown god.
  1141 | D:2      | Reached skill level 6 in Ranged Weapons
  1146 | D:2      | Reached XP level 3. HP: 20/22 MP: 3/3
  1966 | D:3      | Found a burning altar of Makhleb.
  2268 | D:3      | Reached XP level 4. HP: 28/28 MP: 4/4
  2300 | D:3      | Noticed a phantom
  2322 | D:3      | Slain by a phantom

Illustrated notes

Levels and vault maps discovered:
D:1:      giann_wishing_wells, layout_basic, chequers_serial_rivers_large_b,
          minmay_misc_feat_columns, chequers_serial_rivers_micro_e
D:2:      layout_basic, shapermc_ecumenical_altar_gd
D:3:      layout_basic, mainiacjoe_overflow_six_doors_small, uniq_sigmund

Skill      XL: |  1  2  3 |
---------------+----------+-----
Ranged Weapons | 6 |  6.5
Fighting       | 3 |  3.1
Dodging        | |  2.4
Stealth        | |  1.3

Action                     |  1- 3 |  4- 6 || total
---------------------------+-------+-------++-------
  Melee: Unarmed           |       |     3 ||     3
   Fire: Shortbow          |   107 |    16 ||   123
    Use: Scroll            |     2 |       ||     2
 Armour: Leather armour    |    20 |     1 ||    21
  Dodge: Dodged            |    44 |    10 ||    54

Table legend: (Time is in decaauts)
 A = Elapsed time spent in this place.
 B = Non-inter-level travel time spent in this place.
 C = Inter-level travel time spent in this place.
 D = Time resting spent in this place.
 E = Time spent auto-exploring this place.
 F = Levels seen in this place.
 G = Mean time per level.
                   A        B        C        D        E       F      G
               +--------+--------+--------+--------+--------+-----+--------+
         Total |   2387 |   2306 |     81 |    152 |   1919 |   3 |  795.7 |
       Dungeon |   2387 |   2306 |     81 |    152 |   1919 |   3 |  795.7 |
               +--------+--------+--------+--------+--------+-----+--------+

Top non-repeatable levels by time:
     D:2: 986 daAuts
     D:1: 982 daAuts
     D:3: 419 daAuts
